AoeStats
← KOSOVAR

Arabia

508466245Analyzed
1v1 RM · 11d ago on Sep 22, 2026· 59m 46s· 2 players
Game mode
Random Map
Map size
Tiny (2 player)
Population
200
Speed
Normal
Resources
Standard
Victory
Conquest
Starting age
Dark Age
Ending age
Imperial Age
RankedLock teamsTeams togetherTeam positionsShared explorationLock speedFull tech treeHidden civsTurbo modeCheats
Victory
Defeat
🇱🇹 Mapuche · Lithuania
660
+17
🇪🇸 Shu · Spain
680
-17
skeveldra
1:21 Loom
11:47 Feudal Age
12:12 Town Watch
12:10 Horse Collar
12:18 Double-Bit Axe
13:34 Gold Mining
16:07 Wheelbarrow
21:47 Castle Age
20:08 Fletching
20:49 Stone Mining
21:25 Padded Archer Armor
22:32 Heavy Plow
22:42 Bow Saw
23:10 Gold Shaft Mining
23:13 Town Patrol
25:03 Stone Shaft Mining
25:50 Bodkin Arrow
28:44 Leather Archer Armor
29:47 Elite Skirmisher
32:51 Forging
34:21 Iron Casting
38:39 Hand Cart
41:18 Fervor
49:46 Crossbowman
53:46 Imperial Age
53:54 Imperial Age
53:15 Scale Mail Armor
55:40 Blast Furnace
55:05 Conscription
54:24 Elite Kona
55:27 Conscription
56:52 Ring Archer Armor
58:15 Hoardings
58:42 Sappers
KOSOVAR
8:06 Loom
12:51 Feudal Age
13:46 Double-Bit Axe
20:01 Castle Age
18:15 Gold Mining
19:25 Scale Barding Armor
20:42 Horse Collar
21:16 Bow Saw
22:09 Ballistics
23:42 Husbandry
29:12 Heavy Plow
31:09 Wheelbarrow
35:14 Imperial Age
34:10 Hand Cart
39:52 Chemistry
38:59 Siege Engineers
39:18 Chain Barding Armor
40:18 Gold Shaft Mining
39:35 Stone Mining
49:51 Plate Barding Armor
50:30 Murder Holes
50:22 Arrowslits
51:24 Conscription
57:56 Bolt Magazine
Connection lost

Rejoining the realm…

Still unreachable

The connection could not be restored.

Session expired

The server has moved on; the page needs a fresh start.